 Dungeon Crawl Stone Soup version 0.28-a0-1159-g27aa881441 (webtiles) character file.

Game seed: 4807986091771084370

4 SensoryNuts the Charlatan (level 1, 0/9 HPs)
             Began as a Spriggan Artificer on Dec 15, 2021.
             Slain by a frilled lizard (2 damage)
             ... on level 1 of the Dungeon.
             The game lasted 00:00:21 (57 turns).

SensoryNuts the Charlatan (Spriggan Artificer)        Turns: 57, Time: 00:00:21

Health: 0/9        AC:  2    Str:  8    XL:     1   Next: 50%
Magic:  2/2        EV: 17    Int: 12    God:
Gold:   0          SH:  0    Dex: 15    Spells: 0/0 levels left

rFire   . . .      SeeInvis +   a - +0 club
rCold   . . .      Faith    .   (shield restricted)
rNeg    . . .      Spirit   .   b - +0 robe
rPois   .          Reflect  .   (helmet restricted)
rElec   .          Harm     .   (no cloak)
rCorr   .          Rampage  .   (gloves unavailable)
Will    .....                   (boots unavailable)
Stlth   ++........              (no amulet)
HPRegen 0.03/turn               (no ring)
MPRegen 0.08/turn               (no ring)

@: very quick
A: very small, no large weapons, unfitting armour, see invisible, speed 3
a: no special abilities


You were on level 1 of the Dungeon.
You visited 1 branch of the dungeon, and saw 1 of its levels.

Inventory:

Hand Weapons
 a - a +0 club (weapon)
Armour
 b - a +0 robe (worn)
Wands
 c - a wand of flame (15) (quivered)
 d - a wand of charming (15)
Miscellaneous
 e - a piece from Xom's chessboard (15/15)


   Skills:
 + Level 0.7 Fighting
 + Level 3.2 Dodging
 + Level 1.5 Stealth
 + Level 4.4 Evocations


You couldn't memorise any spells.
You didn't know any spells.
Your spell library was empty.

Dungeon Overview and Level Annotations

Branches:
Dungeon (1/15)

Altars:


Innate Abilities, Weirdness & Mutations

You are very small and have problems with some larger weapons.
You are too small for most types of armour.
You have supernaturally acute eyesight. (SInv)
You cover ground extremely quickly. (Speed+++)


Message History

The dart slug barely misses you.
You completely miss the dart slug.
The dart slug is lightly wounded.
The dart slug barely misses you.
You hit the dart slug.
The dart slug is heavily wounded.
The dart slug launches a dart at you. The slug dart hits you.
* * * LOW HITPOINT WARNING * * *
You hit the dart slug but do no damage.
The dart slug is heavily wounded.
The dart slug closely misses you.
You hit the dart slug.
The dart slug is severely wounded.
The dart slug bites you.
* * * LOW HITPOINT WARNING * * *
You hit the dart slug but do no damage.
The dart slug is severely wounded.
The dart slug closely misses you.
You hit the dart slug.
You kill the dart slug!
You see here a dart slug corpse.
Things that are here:
a +0 club; 4 stones; a kobold corpse A frilled lizard is nearby!
A frilled lizard is nearby!
A frilled lizard is nearby!
A frilled lizard is nearby!
A frilled lizard is nearby!
You see here a dart slug corpse.
You are too injured to fight recklessly!
A frilled lizard is nearby!
You are too injured to fight recklessly!
The frilled lizard hisses angrily.
You miss the frilled lizard. The frilled lizard closely misses you.
You closely miss the frilled lizard. The frilled lizard misses you.
The frilled lizard completely misses you.
You hit the frilled lizard but do no damage.
The frilled lizard bites you.
You die...

### .... ....#######
........ ......
#...# #..l# #..@#
#+#.#
##.####...####.....#
........†)..........
##.#####.####.....##
#..><...# ....l..
#+#####.# .......
..# ....... .##.
.##+##. +. .. w#


You could see a frilled lizard.

Vanquished Creatures
  A dart slug (D:1)
  A kobold (D:1)
2 creatures vanquished.

Notes
Turn   | Place    | Note
-------+----------+-------------------------------------------
     0 | D:1      | SensoryNuts the Spriggan Artificer began the quest for the
                  | Orb.
     0 | D:1      | Reached XP level 1. HP: 9/9 MP: 2/2
    57 | D:1      | Slain by a frilled lizard

Illustrated notes

Levels and vault maps discovered:
D:1:      dpeg_arrival_tiny_i, layout_basic, serial_shops,
          nicolae_shop_bloodbath_and_beyond, shapermc_ecumenical_altar_petra

Action                   || total
-------------------------++-------
Melee: Club              ||    19
Dodge: Dodged            ||    19

Table legend: (Time is in decaauts)
 A = Elapsed time spent in this place.
 B = Non-inter-level travel time spent in this place.
 C = Inter-level travel time spent in this place.
 D = Time resting spent in this place.
 E = Time spent auto-exploring this place.
 F = Levels seen in this place.
 G = Mean time per level.
                   A        B        C        D        E       F      G
               +--------+--------+--------+--------+--------+-----+--------+
         Total |     50 |     50 |      0 |      0 |     14 |   1 |   50.0 |
       Dungeon |     50 |     50 |      0 |      0 |     14 |   1 |   50.0 |
               +--------+--------+--------+--------+--------+-----+--------+

Top non-repeatable levels by time:
     D:1: 50 daAuts
